 Dungeon Crawl Stone Soup version 0.28-a0-1033-g1a2f33fa85 (webtiles) character file.

Game seed: 2427958801436588307

26 siradein the Ducker (level 2, 0/22 HPs)
             Began as a Vampire Gladiator on Dec 7, 2021.
             Succumbed to an adder's poison
             ... on level 1 of the Dungeon.
             The game lasted 00:03:16 (938 turns).

siradein the Ducker (Vampire Gladiator)              Turns: 938, Time: 00:03:16

Health: 0/22       AC:  7    Str: 13    XL:     2   Next: 89%
Magic:  2/2        EV: 11    Int: 10    God:
Gold:   77         SH:  0    Dex: 15    Spells: 1/1 levels left

rFire   . . .      SeeInvis +   a - +0 long sword
rCold   . . .      Faith    .   (no shield)
rNeg    . . .      Spirit   .   f - +0 ring mail
rPois   .          Reflect  .   c - +0 helmet
rElec   .          Harm     .   (no cloak)
rCorr   .          Rampage  .   g - +0 pair of gloves
Will    .....                   (no boots)
Stlth   +.........              (no amulet)
HPRegen 0.27/turn               (no ring)
MPRegen 0.08/turn               (no ring)

@: lethally poisoned (0 -> -1), healing quickly
A: alive, fangs 3, see invisible, vampiric 1
a: Exsanguinate


You were on level 1 of the Dungeon.
You visited 1 branch of the dungeon, and saw 2 of its levels.

You collected 77 gold pieces.

Inventory:

Hand Weapons
 a - a +0 long sword (weapon)
 e - a +0 hunting sling
Missiles
 b - 3 stones
 d - 3 throwing nets (quivered)
Armour
 c - a +0 helmet (worn)
 f - a +0 ring mail (worn)
 g - a +0 pair of gloves (worn)


   Skills:
 + Level 2.1 Fighting
 + Level 3.2 Long Blades
 + Level 1.9 Throwing
 + Level 0.2 Armour
 + Level 3.6 Dodging


You had one spell level left.
You didn't know any spells.
Your spell library was empty.

Dungeon Overview and Level Annotations

Branches:
Dungeon (2/15)

Altars:

Shops:
D:2 *


Innate Abilities, Weirdness & Mutations

Your natural rate of healing is accelerated.
You have razor-sharp teeth.
You have supernaturally acute eyesight. (SInv)
You are afflicted with vampirism.


Message History

The iguana is moderately wounded.
The iguana bites you but does no damage.
You hit the iguana.
The iguana is heavily wounded.
The iguana bites you.
You are too injured to fight recklessly!
You are too injured to fight recklessly!
There is a stone staircase leading up here.
You see here a +0 dagger.
The iguana bites you but does no damage.
You hit the iguana.
The iguana is severely wounded.
The iguana bites you!
Ouch! That really hurt!
* * * LOW HITPOINT WARNING * * *
The adder hisses angrily.
The adder barely misses you. The adder closely misses you.
There is a stone staircase leading up here.
The adder closely misses you. The iguana bites you.
* * * LOW HITPOINT WARNING * * *
You climb upwards.
There is a stone staircase leading down here.
The adder bites you but does no damage. The adder misses you.
The adder bites you.
* * * LOW HITPOINT WARNING * * *
The iguana closely misses you. The adder closely misses you.
The adder bites you.
* * * LOW HITPOINT WARNING * * *
You are lethally poisoned!
The adder poisons you!
* * * LOW HITPOINT WARNING * * *
You feel sick.
* * * LOW HITPOINT WARNING * * *
You feel sick.
* * * LOW HITPOINT WARNING * * *
You feel sick. The adder barely misses you.
You die...

###.### #...###.....###.###....#.
##...###.#..######## #...##.....
##....##..#..##.....###♣#♣.♣.♣..†
..PP♣PP..........................
..♣♣P......>.l#........♣.♣.♣.♣.).
♣♣♣♣♣PP.##.##.......######....##.
..♣♣♣PP........S....# #....##.
.P♣.♣......####.##### #######.
.P♣P♣P##..## #.@...# ##
....P###..### #####.#
....#####...#######.##
.....................########
.########.#######...........#####
.### #.### ####.#..#####......
P..## #...###.....#..# #######
.P..# ###...#........# P♣♣.#
###.......####


You could see an iguana and an adder.

Vanquished Creatures
  2 ball pythons (D:1)
  6 endoplasms
  A giant cockroach (D:2)
  3 hobgoblins
  4 kobolds
  3 bats (D:1)
  A frilled lizard (D:2)
  4 rats
24 creatures vanquished.

Vanquished Creatures (others)
  A plant (D:1)
1 creature vanquished.

Grand Total: 25 creatures vanquished

Notes
Turn   | Place    | Note
-------+----------+-------------------------------------------
     0 | D:1      | siradein the Vampire Gladiator began the quest for the Orb.
     0 | D:1      | Reached XP level 1. HP: 16/16 MP: 1/1
   221 | D:1      | Reached XP level 2. HP: 21/22 MP: 2/2
   814 | D:2      | Found Meupesch's Assorted Antiques.
   936 | D:1      | HP: 1/22 [poisoned by an adder]
   938 | D:1      | Succumbed to an adder's poison

Illustrated notes

Levels and vault maps discovered:
D:1:      dpeg_arrival_yet_another_circle, layout_rooms, serial_forest,
          infiniplex_forest_lined_corner, infiniplex_forest_clump_medium,
          infiniplex_forest_end_2, infiniplex_forest_clump_medium,
          infiniplex_forest_lined_2, infiniplex_forest_end_3,
          infiniplex_forest_end_1
D:2:      layout_rooms, serial_shops, shop, feat_on_display

Skill      XL: |  1 |
---------------+----+-----
Fighting       | 2 |  2.1
Long Blades    | |  3.2
Throwing       | |  1.9
Armour         | |  0.2
Dodging        | |  3.6

Action                   || total
-------------------------++-------
Melee: Long sword        ||    67
       Bite              ||     4
 Stab: Sleeping          ||     1
Armor: Leather armour    ||    11
       Ring mail         ||     5
Dodge: Dodged            ||    60

Table legend: (Time is in decaauts)
 A = Elapsed time spent in this place.
 B = Non-inter-level travel time spent in this place.
 C = Inter-level travel time spent in this place.
 D = Time resting spent in this place.
 E = Time spent auto-exploring this place.
 F = Levels seen in this place.
 G = Mean time per level.
                   A        B        C        D        E       F      G
               +--------+--------+--------+--------+--------+-----+--------+
         Total |    955 |    948 |      7 |     50 |    630 |   2 |  477.5 |
       Dungeon |    955 |    948 |      7 |     50 |    630 |   2 |  477.5 |
               +--------+--------+--------+--------+--------+-----+--------+

Top non-repeatable levels by time:
     D:1: 712 daAuts
     D:2: 242 daAuts
